 Dungeon Crawl Stone Soup version 0.20-a0-370-gd6af2a4 (webtiles) character file.

293 Eviona the Slasher (level 6, -2/48 HPs)
             Began as a Draconian Skald on Dec 27, 2016.
             Slain by an orc priest
             ... wielding a +0 club
              (4 damage)
             ... on level 4 of the Dungeon.
             The game lasted 00:08:59 (2909 turns).

Eviona the Slasher (Draconian Skald)                Turns: 2909, Time: 00:09:00

Health: -2/48      AC:  7    Str: 14    XL:     6   Next: 11%
Magic:  9/9        EV: 12    Int: 14    God:
Gold:   197        SH:  0    Dex: 11    Spells: 3/9 levels left

rFire  . . .     SeeInvis .     a - +0 falchion
rCold  . . .     Gourm    .     (armour unavailable)
rNeg   . . .     Faith    .     (no shield)
rPois  .         Spirit   .     (helmet restricted)
rElec  .         Reflect  .     (no cloak)
rCorr  .         Harm     .     i - +0 pair of gloves
MR     .....                    (no boots)
Stlth  +.........               (no amulet)
                                (no ring)
                                (no ring)

@: slowed, very slow
A: unfitting armour, cold-blooded, AC +6
a: no special abilities


You were on level 4 of the Dungeon.
You were not hungry.

You visited 1 branch of the dungeon, and saw 5 of its levels.

You collected 197 gold pieces.

Inventory:

Hand Weapons
 a - a +0 falchion (weapon)
 s - a +0 blowgun
Missiles
 g - 72 stones (quivered)
 t - 14 poisoned needles
Armour
 i - a +0 pair of gloves (worn)
Scrolls
 d - 9 scrolls of identify {unknown}
 e - 2 scrolls of enchant armour {unknown}
 k - a scroll of fear {unknown}
 o - a scroll of recharging {unknown}
 q - a scroll of teleportation {unknown}
 r - a scroll of remove curse {unknown}
 w - a scroll of enchant weapon {unknown}
Potions
 f - 2 potions of haste {unknown}
 h - a potion of agility {unknown}
 l - a potion of lignification {unknown}
 m - a potion of degeneration {unknown}
 n - 3 potions of ambrosia {unknown}
 p - a potion of resistance {unknown}
Books
 b - a book of Battle

   Spells                             Type                      Level
   a - Infusion                       Charms                       1
   b - Shroud of Golubria             Charms/Translocation         2
   c - Song of Slaying                Charms                       2
   d - Spectral Weapon                Hexes/Charms                 3
   e - Regeneration                   Charms/Necromancy            3
Comestibles
 c - 4 bread rations
 j - 2 slices of pizza
 u - 2 meat rations
 v - 4 chunks of flesh


   Skills:
 - Level 2.1 Fighting
 + Level 5.3 Long Blades
 - Level 1.3 Dodging
 - Level 2.0 Spellcasting
 - Level 4.2 Charms


You had 3 spell levels left.
You knew the following spells:

 Your Spells              Type           Power        Failure   Level  Hunger
a - Infusion              Chrm           ##..         4%          1    ##.....
b - Shroud of Golubria    Chrm/Tloc      #.........   17%         2    ###....
c - Spectral Weapon       Hex/Chrm       #.......     30%         3    ####...


Dungeon Overview and Level Annotations

Branches:
Dungeon (5/15)
 Temple: D:4-7

Altars:
Ru
Uskayaw

Shops:
D:5 *

Annotations:
D:4 Blork the orc, Pikel


Innate Abilities, Weirdness & Mutations

Your plain brown scales are hard. (AC +6)
You cannot fit into any form of body armour.
You are cold-blooded and may be slowed by cold attacks.


Message History

The slave shouts!
A slave comes into view.
The slave shouts!
You hit the orc.
Your tail-slap misses the orc.
The orc is heavily wounded.
The orc priest closely misses you.
You hit the orc priest but do no damage.
The orc hits you with a hand axe.
* * * LOW HITPOINT WARNING * * *
The orc priest hits you but does no damage.
You hit the orc priest.
The orc priest is moderately wounded.
The orc hits you with a hand axe!
* * * LOW HITPOINT WARNING * * *
The orc priest barely misses you. The orc barely misses you.
Pikel shouts!
You hit the orc priest.
The orc priest is moderately wounded.
The orc priest hits you with a club.
You die...

######..##. #....#
....o...... ....+
........... K...
####....##.. #...
....##... #pp#
.........##..###
O......>.......#
.............oo.#
#....##...##.@..#
#....#######....#
#....##........##
#....##...##...#
#....#######...##..#
..##....##...##.).....#
.......................#
.......<...............#
.......................#


You could see Pikel, 2 slaves, an orc priest and an orc.

Vanquished Creatures
  A bullfrog zombie (D:5)
  An orc priest (D:3)
  A hound (D:3)
  A bullfrog skeleton (D:3)
  Natasha (D:2)
  An orc wizard (D:5)
  A howler monkey zombie (D:4)
  5 adders
  A worm (D:3)
  A dart slug (D:3)
  A leopard gecko (D:4)
  3 orcs
  9 bats
  3 giant cockroaches
  12 goblins
  5 hobgoblins
  A jackal (D:3)
  6 kobolds
  5 frilled lizards
  5 rats
64 creatures vanquished.

Notes
Turn   | Place    | Note
-------+----------+-------------------------------------------
     0 | D:1      | Eviona the Draconian Skald began the quest for the Orb.
     0 | D:1      | Reached XP level 1. HP: 17/17 MP: 3/3
   180 | D:1      | Reached XP level 2. HP: 24/24 MP: 5/5
   429 | D:1      | Learned a level 2 spell: Shroud of Golubria
   682 | D:2      | Found a hide-covered altar of Uskayaw.
   682 | D:2      | Noticed a dagger
   683 | D:2      | Noticed a dagger
   852 | D:2      | Reached XP level 3. HP: 29/29 MP: 3/6
   855 | D:2      | Noticed Natasha
   857 | D:2      | Killed Natasha
   868 | D:2      | Learned a level 3 spell: Spectral Weapon
  1038 | D:3      | Reached XP level 4. HP: 25/36 MP: 1/7
  1116 | D:3      | Reached skill level 3 in Long Blades
  1418 | D:3      | Reached XP level 5. HP: 33/41 MP: 4/8
  1938 | D:3      | Reached skill level 4 in Long Blades
  2094 | D:4      | Noticed Blork the orc
  2248 | D:4      | Noticed an ogre
  2249 | D:4      | Noticed an ogre
  2494 | D:4      | Noticed Pikel
  2506 | D:5      | Entered Level 5 of the Dungeon
  2616 | D:5      | Found Foefec's General Store.
  2624 | D:5      | Found a sacrificial altar of Ru.
  2638 | D:5      | Reached skill level 5 in Long Blades
  2826 | D:5      | Reached XP level 6. HP: 47/48 MP: 4/9
  2906 | D:4      | Noticed a slave
  2906 | D:4      | Noticed a slave
  2908 | D:4      | HP: 2/48 [orc/hand axe (7)]
  2909 | D:4      | Slain by an orc priest

Vault maps used:
D:1:      lemuel_arrival_broad_hall, minivault_14
D:2:      dancing_weapons_uskayaw, uniq_natasha
D:3:      minmay_misc_feat_tiny, st_stairs_13, grunt_decor_cap
D:4:      gup_sewer_entry_spiral, serial_shops, kennysheep_mini_moat,
          uniq_pikel, uniq_blork_the_orc
D:5:      serial_shops, kennysheep_mini, first_bread,
          nicolae_ru_great_annihilating_truth

Skill      XL: |  1  2  3  4  5 |
---------------+----------------+-----
Charms         | 3 4 |  4.2
Long Blades    | 3 5 |  5.3
Fighting       | |  2.1
Dodging        | |  1.3
Spellcasting   | |  2.0

Action                   |  1- 3 |  4- 6 || total
-------------------------+-------+-------++-------
Melee: Falchion          |    60 |   142 ||   202
       Tailslap          |     6 |    14 ||    20
Throw: Stone             |       |     3 ||     3
 Cast: Infusion          |     6 |       ||     6
       Spectral Weapon   |     1 |     3 ||     4
       Shroud of Golubri |       |     5 ||     5
 Stab: Paralysed         |       |     1 ||     1
  Eat: Chunk             |     1 |     7 ||     8
Armor: Skin              |    19 |    55 ||    74
Dodge: Dodged            |    31 |    90 ||   121
       Rpst.: Falchion   |     9 |    28 ||    37
